 Dungeon Crawl Stone Soup version 0.20-a0-266-gdedccd6 (webtiles) character file.

15883 AlphabetPasta the Frost Mage (level 12, -15/51 HPs)
             Began as a Felid Ice Elementalist on Dec 4, 2016.
             Was a High Priest of Vehumet.
             Killed from afar by Harold (58 damage)
             ... with a bolt of fire
             ... on level 2 of the Lair of Beasts on Dec 5, 2016.
             The game lasted 01:57:50 (24457 turns).

AlphabetPasta the Frost Mage (FeIE)                Turns: 24457, Time: 01:57:50

Health: -15/51     AC:  5    Str:  4    XL:     12   Next: 5%
Magic:  5/26       EV: 23    Int: 21    God:    Vehumet [*****.]
Gold:   915        SH:  6    Dex: 17    Spells: 12/30 levels left
                                        Lives:  0   Deaths: 3

rFire  x . .     SeeInvis +       - Unarmed
rCold  + + .     Gourm    .     (armour unavailable)
rNeg   . . .     Faith    .     (shield unavailable)
rPois  .         Spirit   .     (helmet unavailable)
rElec  .         Reflect  +     (cloak unavailable)
rCorr  .         Harm     .     (gloves unavailable)
MR     +....                    (boots unavailable)
Stlth  ++++......               D - +6 amulet of reflection
                                t - +2 ring of protection
                                B - ring of ice

@: lethally poisoned (-15 -> -22), quick
A: no armour, no weapons or thrown items, stealth, claws 1, fangs 3, see
invisible, carnivore 3, speed 1, shaggy fur 3, slow metabolism 1, sharp paws
a: Renounce Religion


You were on level 2 of the Lair of Beasts.
You worshipped Vehumet.
Vehumet was extremely pleased with you.
You were completely stuffed.

You visited 3 branches of the dungeon, and saw 15 of its levels.

You collected 915 gold pieces.

Inventory:

Jewellery
 f - a +4 ring of strength
 n - an uncursed ring of positive energy
 o - an uncursed ring of flight
 t - a +2 ring of protection (right paw)
 B - a ring of ice (left paw)
 D - a +6 amulet of reflection (around neck)
 E - an uncursed amulet of guardian spirit {unknown}
Wands
 e - a wand of iceblast (3/15)
 h - a wand of enslavement (5/24)
 w - a wand of acid (3/15)
 y - a wand of enslavement (0/24)
 z - a wand of polymorph (15/24)
 A - a wand of slowing (18/48)
Scrolls
 d - 7 scrolls of teleportation
 g - 5 scrolls of remove curse
 m - a scroll of amnesia
 p - a scroll of fear
 q - 2 scrolls of fog
 C - 2 scrolls of identify
 G - a scroll of blinking
Potions
 c - a potion of agility
 k - a potion of cure mutation
 r - a potion of might
 s - 2 potions of cancellation {unknown}
 u - a potion of berserk rage {unknown}
 x - 2 potions of flight
 F - 2 potions of beneficial mutation {unknown}
Books
 a - a book of Frost

   Spells                             Type                      Level
   a - Freeze                         Ice                          1
   b - Throw Frost                    Conjuration/Ice              2
   c - Ozocubu's Armour               Charms/Ice                   3
   d - Throw Icicle                   Conjuration/Ice              4
   e - Summon Ice Beast               Ice/Summoning                4
Comestibles
 b - 10 meat rations
 i - 2 slices of pizza
 j - 2 beef jerkies
 l - 8 royal jellies
 v - 3 chunks of flesh


   Skills:
 - Level 5.0 Fighting
 - Level 8.0 Dodging
 + Level 7.1 Stealth
 - Level 4.0 Unarmed Combat
 + Level 9.5 Spellcasting
 + Level 8.3 Conjurations
 - Level 3.1 Charms
 - Level 4.1 Translocations
 * Level 13.0 Ice Magic
 - Level 3.0 Evocations


You had 12 spell levels left.
You knew the following spells:

 Your Spells              Type           Power        Failure   Level  Hunger
a - Freeze                Ice            ####         1%          1    None
b - Throw Frost           Conj/Ice       ######       1%          2    None
c - Ozocubu's Armour      Chrm/Ice       ######..     1%          3    None
d - Throw Icicle          Conj/Ice       ######..     1%          4    ##.....
e - Shroud of Golubria    Chrm/Tloc      ####......   1%          2    None
f - Throw Flame           Conj/Fire      ####..       1%          2    None
g - Force Lance           Conj/Tloc      #####...     1%          4    ##.....


Dungeon Overview and Level Annotations

Branches:
Dungeon (12/15)            Temple (1/1) D:5            Lair (2/6) D:10
 Shoals (0/4) Lair:2          Orc (0/2) D:11
  Snake: Lair:2-4    Spider: Lair:2-4

Altars:
Ashenzari
Cheibriados
Dithmenos
Elyvilon
Fedhas
Gozag
Hepliaklqana
Kikubaaqudgha
Makhleb
Nemelex Xobeh
Okawaru
Qazlal
Ru
Sif Muna
Trog
Uskayaw
Vehumet
Xom
Yredelemnul
Zin
The Shining One

Shops:
D:4 (   D:5 [   D:12 :

Annotations:
D:3 alcopop's ghost, amateur FoFi
Lair:2 Aviraven's ghost, journeyman DrBe; Harold


Innate Abilities, Weirdness & Mutations

You cannot wear armour.
You are incapable of wielding weapons or throwing items.
Your paws allow you to move quietly. (Stealth)
You have sharp claws.
You have razor-sharp teeth.
You have supernaturally acute eyesight. (SInv)
You are carnivorous and can eat meat at any time.
You cover ground quickly.
Your thick and shaggy fur keeps you warm. (AC +3, rC+)
You have a slow metabolism.
Your sharp claws are effective at attacking unaware monsters.


Message History

Aiming: Throw Icicle
Press: ? - help, Shift-Dir - straight line, f/p - soldier ant
Aim: a soldier ant (severely wounded)
You feel a surge of power!
The shard of ice hits the soldier ant.
You kill the soldier ant!
Vehumet accepts your kill.
You feel your power returning.
You feel sick.
A worker ant comes into view.
You feel sick.
You feel sick.
You feel sick.
You feel sick.
You feel sick.
You feel sick.
You feel sick.
Harold shouts!
Harold casts a spell at you. The bolt of fire hits you!
The fire burns you terribly!
Ouch! That really hurt!
You die...

#..........#
##..D#...### #....##P##
##...@.### # #...♣...##
#.#.........##
##..♣..<..♣..##
##.............##
#......@♣.......#####
...........#.....#..####
..♣......a.#..♣...#....#
....##..♣..#......#.#...
... #.....aa.....#...#.
### ..
#.....##.......)###
P.##### .
#.....###.#.####.#
...##.## ##....#P....#
#.# .......##
...P..##.#### .#


You could see Harold, a five-headed hydra (wandering) and 3 worker ants.

Vanquished Creatures
  Gastronok (Lair:1)
  Josephine (D:11)
  2 hydras
  Sonja (D:11)
  Nergalle (Lair:2)
  2 unseen horrors (D:11)
  7 hill giants
  A deep elf mage (D:11)
  A manticore (D:12)
  3 ugly things
  3 black mambas (Lair:1)
  2 centaur zombies
  7 spiny frogs
  A komodo dragon (Lair:1)
  The ghost of AlphabetPasta the Reanimator, a novice DENe (D:5)
  2 polar bears (Lair:1)
  A troll (D:11)
  5 hippogriffs
  A shadow (D:11)
  18 yaks
  5 wraiths
  2 wyverns
  A hungry ghost (D:9)
  A warg (D:11)
  9 water moccasins
  2 soldier ants (Lair:2)
  2 hell hounds (D:10)
  A porcupine (Lair:1)
  A black bear (Lair:2)
  6 orc warriors
  An eye of draining (D:9)
  A necrophage (D:10)
  3 sky beasts
  2 phantoms
  5 ogres
  4 wolves (Lair:2)
  4 centaurs
  3 crocodiles
  2 gnoll sergeants
  9 bullfrogs
  A wyvern zombie (D:12)
  3 scorpions
  22 killer bees
  2 wights (D:11)
  A bullfrog zombie (D:12)
  4 crimson imps
  A centaur skeleton (D:9)
  8 hounds
  5 jellies
  Crazy Yiuf (D:4)
  14 orc priests
  Jessica (D:3)
  2 bullfrog skeletons
  4 iguanas
  Terence (D:2)
  15 orc wizards
  17 worker ants
  A hound zombie (D:9)
  A hound skeleton (D:11)
  2 worker ant zombies
  14 adders
  7 gnolls
  5 shadow imps
  An ooze (D:5)
  4 adder skeletons
  3 worms
  2 dart slugs (D:1)
  3 leopard geckos
  42 orcs
  7 bats
  11 giant cockroaches
  8 goblins
  9 hobgoblins
  5 jackals
  6 kobolds
  9 quokkas
  5 ball pythons
  3 frilled lizards
  A jackal skeleton (D:4)
  A leopard gecko skeleton (D:5)
  2 quokka skeletons
  6 rats
385 creatures vanquished.

Vanquished Creatures (collateral kills)
  A queen bee (D:9)
1 creature vanquished.

Vanquished Creatures (others)
  A polar bear (Lair:1)
  A killer bee (D:9)
  9 fungi
  A plant (Lair:2)
12 creatures vanquished.

Grand Total: 398 creatures vanquished

Notes
Turn   | Place    | Note
-------+----------+-------------------------------------------
     0 | D:1      | AlphabetPasta the Felid Ice Elementalist began the quest for the Orb.
     0 | D:1      | Reached XP level 1. HP: 7/7 MP: 4/4
   404 | D:1      | Reached XP level 2. HP: 10/11 MP: 0/6
   408 | D:1      | Learned a level 2 spell: Throw Frost
   571 | D:1      | Reached skill level 3 in Ice Magic
   971 | D:1      | Reached XP level 3. HP: 14/14 MP: 7/7
  1312 | D:1      | Learned a level 3 spell: Ozocubu's Armour
  1510 | D:2      | Reached skill level 1 in Unarmed Combat
  1815 | D:2      | You fall through a shaft!
  1973 | D:2      | Learned a level 3 spell: Ozocubu's Armour
  2072 | D:2      | Reached XP level 4. HP: 18/18 MP: 8/8
  2530 | D:3      | Reached skill level 1 in Fighting
  2530 | D:3      | Reached skill level 1 in Charms
  2699 | D:3      | Noticed Terence
  2807 | D:3      | Reached skill level 1 in Conjurations
  2875 | D:3      | Reached skill level 4 in Ice Magic
  2939 | D:3      | Noticed alcopop's ghost (amateur FoFi)
  3409 | D:3      | Noticed Jessica
  3417 | D:3      | Killed Jessica
  3417 | D:3      | Reached XP level 5. HP: 20/22 MP: 8/10
  3547 | D:2      | Killed Terence
  3959 | D:4      | Found Follec's Antique Weapon Emporium.
  4256 | D:4      | Found a runed door.
  4260 | D:4      | Noticed Crazy Yiuf
  4267 | D:4      | Mangled by Crazy Yiuf
  4268 | D:4      | Reached XP level 4. HP: -6/19 MP: 7/9
  4300 | D:4      | Killed Crazy Yiuf
  4300 | D:4      | Reached XP level 5. HP: 22/22 MP: 7/10
  4441 | D:5      | Entered Level 5 of the Dungeon
  4592 | D:5      | Found a staircase to the Ecumenical Temple.
  4596 | D:5      | Noticed AlphabetPasta's ghost (novice DENe)
  4600 | D:5      | Found Qucoku's Antique Armour Emporium.
  4605 | D:5      | Noticed a sky beast
  4614 | Temple   | Entered the Ecumenical Temple
  5010 | Temple   | Became a worshipper of Vehumet
  5735 | D:5      | Killed AlphabetPasta's ghost
  5735 | D:5      | Reached skill level 5 in Ice Magic
  5735 | D:5      | Gained mutation: You are covered in thick fur. (AC +2) [Felid growth]
  5735 | D:5      | Reached XP level 6. HP: 25/25 MP: 2/12
  5824 | D:5      | Killed a sky beast
  5824 | D:5      | Reached XP level 7. HP: 28/28 MP: 2/13
  5831 | D:5      | Learned a level 4 spell: Throw Icicle
  6963 | D:6      | Reached skill level 6 in Ice Magic
  7396 | D:6      | Reached * piety under Vehumet
  7396 | D:6      | Offered knowledge of Magic Dart by Vehumet.
  7396 | D:6      | Reached XP level 8. HP: 33/33 MP: 7/15
  7402 | D:6      | Reached skill level 1 in Evocations
  8631 | D:7      | Learned a level 2 spell: Shroud of Golubria
  8821 | D:7      | Reached skill level 7 in Ice Magic
  9074 | D:7      | Reached skill level 1 in Translocations
  9106 | D:7      | Reached skill level 5 in Spellcasting
  9662 | D:8      | Offered knowledge of Throw Flame by Vehumet.
  9683 | D:8      | Reached ** piety under Vehumet
  9791 | D:8      | Reached XP level 9. HP: 34/36 MP: 12/17
  9795 | D:8      | Learned a level 2 spell: Throw Flame
 10554 | D:9      | Reached skill level 8 in Ice Magic
 10845 | D:9      | Reached skill level 5 in Dodging
 10997 | D:9      | Noticed a queen bee
 11008 | D:9      | Killed a queen bee
 11411 | D:9      | Reached skill level 5 in Conjurations
 11484 | D:9      | Offered knowledge of Inner Flame by Vehumet.
 11959 | D:9      | Reached *** piety under Vehumet
 12239 | D:9      | Reached XP level 10. HP: 39/42 MP: 2/20
 12405 | D:9      | Reached skill level 9 in Ice Magic
 12928 | D:10     | Entered Level 10 of the Dungeon
 12945 | D:10     | Offered knowledge of Force Lance by Vehumet.
 13154 | D:10     | Learned a level 4 spell: Force Lance
 13500 | D:10     | Found a staircase to the Lair.
 14965 | D:11     | Noticed a deep elf mage
 14970 | D:11     | Killed from afar by a deep elf mage
 14971 | D:11     | Reached XP level 9. HP: -13/37 MP: 9/20
 15006 | D:11     | Killed a deep elf mage
 15060 | D:11     | Reached **** piety under Vehumet
 15060 | D:11     | Reached skill level 10 in Ice Magic
 15179 | D:11     | Noticed an unseen horror
 15186 | D:11     | Killed an unseen horror
 15186 | D:11     | Reached skill level 5 in Stealth
 15186 | D:11     | Reached XP level 10. HP: 42/42 MP: 17/21
 15208 | D:11     | Noticed a hill giant
 15213 | D:11     | Killed a hill giant
 15352 | D:11     | Offered knowledge of Bolt of Draining by Vehumet.
 15494 | D:11     | Noticed a hill giant
 15501 | D:11     | Killed a hill giant
 16121 | D:11     | Noticed Sonja
 16293 | D:11     | Noticed a hill giant
 16298 | D:11     | Killed a hill giant
 16380 | D:11     | Noticed an unseen horror
 16387 | D:11     | Killed an unseen horror
 16453 | D:11     | Noticed a hill giant
 16549 | D:11     | Noticed a brown ugly thing
 16682 | D:11     | Noticed Josephine
 16782 | D:11     | Noticed a hill giant
 16788 | D:11     | Killed a hill giant
 16966 | D:11     | Killed a hill giant
 16966 | D:11     | Reached XP level 11. HP: 45/45 MP: 10/23
 17290 | D:11     | Reached skill level 11 in Ice Magic
 17316 | D:11     | Reached ***** piety under Vehumet
 17316 | D:11     | Offered knowledge of Poison Arrow by Vehumet.
 17458 | D:11     | Killed Sonja
 17557 | D:11     | Found a staircase to the Orcish Mines.
 18213 | D:11     | Found a sacrificial altar of Ru.
 18241 | D:11     | Killed Josephine
 18429 | D:11     | Killed a brown ugly thing
 18483 | D:11     | Noticed a hill giant
 18486 | D:11     | Killed a hill giant
 18860 | D:12     | Found Foteid's Book Boutique.
 18893 | D:12     | Noticed a hill giant
 18897 | D:12     | Killed a hill giant
 18972 | D:12     | Noticed a purple ugly thing
 18979 | D:12     | Killed a purple ugly thing
 19238 | D:12     | Noticed a red ugly thing
 19246 | D:12     | Killed a red ugly thing
 19818 | Lair:1   | Entered Level 1 of the Lair of Beasts
 20130 | Lair:1   | Reached skill level 12 in Ice Magic
 20309 | Lair:1   | Gained mutation: Your thick and shaggy fur keeps you warm. (AC +3, rC+) [Felid growth]
 20309 | Lair:1   | Reached XP level 12. HP: 48/48 MP: 17/25
 21138 | Lair:1   | Noticed a seven-headed hydra
 21413 | Lair:1   | Noticed Gastronok
 21771 | Lair:1   | Killed Gastronok
 21930 | Lair:1   | Killed a seven-headed hydra
 22172 | Lair:1   | Reached skill level 5 in Fighting
 22972 | Lair:2   | Noticed Aviraven's ghost (journeyman DrBe)
 22992 | Lair:2   | Killed from afar by Aviraven's ghost
 22993 | Lair:2   | Reached XP level 11. HP: -10/47 MP: 12/25
 22993 | Lair:2   | Noticed Nergalle
 23012 | Lair:2   | Killed Nergalle
 23262 | Lair:2   | Noticed Harold
 23272 | Lair:2   | Noticed a five-headed hydra
 23671 | Lair:2   | Noticed a five-headed hydra
 23675 | Lair:2   | Killed a five-headed hydra
 23774 | Lair:2   | Found a staircase to the Shoals.
 23821 | Lair:2   | Reached skill level 13 in Ice Magic
 24011 | Lair:2   | Reached XP level 12. HP: 51/51 MP: 9/26
 24457 | Lair:2   | Killed from afar by Harold

Vault maps used:
D:1:      dpeg_arrival_pond
D:2:      first_bread
D:3:      uniq_jessica, uniq_terence
D:4:      serial_shops, nicolae_shop_overgrown_old_shop, saegor_snake_ambush,
          uniq_crazy_yiuf_cottage
D:5:      serial_shops, nicolae_shop_statue_plus
D:8:      wad_crossroads
D:9:      david_nohive_1, nicolae_straight_to_the_point
D:10:     minmay_lair_entry_lava
D:11:     erik_orc_4, nicolae_ru_path_of_blood, uniq_josephine, uniq_sonja
D:12:     serial_shops, nicolae_shop_trees
Temple:   minmay_crystal_snake_temple
Lair:1:   minmay_guarded_unrand_snakebite, cheibrodos_lair_lostbears,
          uniq_gastronok
Lair:2:   shoals_dummy_entry, minivault_11, zaba_anthell, grunt_megastairs_3,
          uniq_harold, uniq_nergalle

Skill      XL: |  1  2  3  4  5  6  7  8  9 10 11 12 |
---------------+-------------------------------------+-----
Dodging        | 3 4 5 6 8 |  8.0
Ice Magic      | 3 4 5 6 7 10 9 13 | 13.0
Unarmed Combat | 1 2 3 4 |  4.0
Fighting       | 1 2 3 5 |  5.0
Charms         | 1 2 3 |  3.1
Conjurations   | 1 2 3 4 6 7 8 |  8.3
Stealth        | 3 4 5 6 7 |  7.1
Spellcasting   | 3 4 5 7 8 9 |  9.5
Evocations     | 2 3 |  3.0
Translocations | 2 4 |  4.1

Action                   |  1- 3 |  4- 6 |  7- 9 | 10-12 || total
-------------------------+-------+-------+-------+-------++-------
Melee: Unarmed           |    15 |    20 |   141 |    42 ||   218
       Bite              |     1 |     2 |     9 |     2 ||    14
       Punch             |       |       |     2 |       ||     2
 Cast: Freeze            |    61 |    74 |   188 |   241 ||   564
       Throw Frost       |     3 |    23 |    78 |   206 ||   310
       Throw Icicle      |       |       |    31 |   179 ||   210
       Throw Flame       |       |       |     7 |    63 ||    70
       Ozocubu's Armour  |       |       |     1 |     7 ||     8
       Shroud of Golubri |       |       |     1 |     4 ||     5
       Force Lance       |       |       |       |     2 ||     2
 Abil: Evoke Flight      |       |     2 |       |       ||     2
Evoke: Wand              |       |     2 |     6 |     6 ||    14
  Use: Scroll            |     7 |     2 |    10 |     7 ||    26
       Potion            |       |       |     7 |    10 ||    17
 Stab: Sleeping          |     9 |    14 |    12 |    16 ||    51
       Distracted        |     1 |     1 |     1 |       ||     3
  Eat: Chunk             |    10 |    12 |    23 |    46 ||    91
Armor: Skin              |     1 |     2 |    23 |    35 ||    61
Dodge: Dodged            |    39 |    63 |   219 |   334 ||   655
Block: Other             |       |       |       |    33 ||    33
